 Dungeon Crawl Stone Soup version 0.16.1-16-gc44b35d (webtiles) character file.

120 Chiseanne the Grave Robber (level 4, -1/21 HPs)
             Began as a Spriggan Necromancer on Apr 26, 2015.
             Killed from afar by an orc wizard (8 damage)
             ... with a magic dart
             ... on level 3 of the Dungeon.
             The game lasted 00:09:24 (3359 turns).

Chiseanne the Grave Robber (Spriggan Necromancer)   Turns: 3359, Time: 00:09:24

Health: -1/21      AC:  2    Str:  4    XL:     4   Next: 75%
Magic:  15/15      EV: 18    Int: 17    God:
Gold:   196        SH:  0    Dex: 16    Spells: 4 memorised, 3 levels left

rFire  . . .     SeeInvis +     a - +2 dagger (venom)
rCold  . . .     Clarity  .     e - +0 robe
rNeg   . . .     SustAb   .     (shield restricted)
rPois  .         Gourm    .     (helmet restricted)
rElec  .         Spirit   .     (no cloak)
rCorr  .         Warding  .     (gloves unavailable)
rMut   .         Stasis   .     (boots unavailable)
MR     .....                    (no amulet)
Stlth  +++.......               (no ring)
                                (no ring)

@: slowed, quick, not resistant to hostile enchantments, fairly stealthy
A: unfitting armour, see invisible, herbivore 3, speed 3, slow metabolism 2
a: no special abilities


You were on level 3 of the Dungeon.
You were very full.

You visited 1 branch of the dungeon, and saw 3 of its levels.

You collected 196 gold pieces.

Inventory:

Hand weapons
 a - a +2 dagger of venom (weapon)
 j - a +0 rapier
Missiles
 d - 20 arrows
Armour
 e - a +0 robe (worn)
Jewellery
 k - an uncursed ring of teleportation
Magical devices
 g - a wand of confusion (26)
Potions
 f - a potion of cancellation
 h - 3 potions of curing
 m - 2 potions of heal wounds
 n - a potion of restore abilities
Books
 b - a book of Necromancy

   Spells                             Type                      Level
   a - Pain                           Necromancy                   1
   b - Animate Skeleton               Necromancy                   1
   c - Vampiric Draining              Necromancy                   3
   d - Regeneration                   Charms/Necromancy            3
   e - Animate Dead                   Necromancy                   4
   f - Control Undead                 Necromancy                   4
Comestibles
 c - 5 bread rations
 i - a slice of pizza
 l - a royal jelly


   Skills:
 * Level 3.5 Dodging
 * Level 3.9 Stealth
 * Level 4.3 Spellcasting
 * Level 4.5 Necromancy


You had 3 spell levels left.
You knew the following spells:

 Your Spells              Type           Power        Failure   Level  Hunger
a - Pain                  Necr           ###.         2%          1    None
b - Animate Skeleton      Necr           N/A          2%          1    None
c - Vampiric Draining     Necr           ###.......   10%         3    ###....
d - Regeneration          Chrm/Necr      ##........   21%         3    ###....


Dungeon Overview and Level Annotations

Branches:
Dungeon (3/15)

Altars:
Fedhas
Gozag
Okawaru


Innate Abilities, Weirdness & Mutations

You are tiny and cannot use many weapons and most armour.
You have supernaturally acute eyesight.
You are a herbivore.
You cover ground extremely quickly.
You need consume almost no food.


Message History

The orc wizard is moderately wounded.
The orc wizard points at you and mumbles some strange words.
The magic dart hits you! The orc wizard misses you. The orc misses you.
The orc wizard closely misses you. The orc wizard hits you with a dagger.
You swap places.
You kill the orc!
Your goblin skeleton barely misses the orc wizard.
The orc wizard hits your goblin skeleton with a dagger.
The orc wizard gestures wildly while chanting.
The orc wizard blinks!
The orc wizard hits your goblin skeleton with a dagger.
Something hits your goblin skeleton but does no damage.
Your goblin skeleton hits something with a dagger.
The orc wizard casts a spell.
The orc wizard blinks!
The orc wizard gestures wildly while chanting.
The orc wizard blinks!
The orc wizard points at you and mumbles some strange words.
The magic dart hits you!
You die...

#....# #oog..# #.# #....#
##.#.## #.#
#....####...####.#
##########..o...§o.....##.#
#................o.....##.#
#......................##.#
#.............#####..####.#
#..........#### #.# #..
#.........@#.... ># ###.
#### #......%........# ##
#... ...# #...............#
#.#.
...####.......#.......#
#.._
...........[...#+#+####
###. ...............# #...
................. ###.
..........#...<.. #..
..........#####.. #.#


You could see an orc wizard.

Vanquished Creatures
  Jessica (D:2)
  3 adders (D:2)
  2 giant mites
  2 giant geckos
  2 orcs (D:3)
  5 giant cockroaches
  9 goblins
  5 hobgoblins
  8 jackals
  2 kobolds
  A quokka (D:2)
  3 bats
  5 giant newts
  6 rats
  A fungus (D:1)
55 creatures vanquished.

Vanquished Creatures (collateral kills)
  An ooze (D:2)
  2 jackals (D:2)
  A kobold (D:1)
  A rat (D:1)
  3 fungi (D:1)
8 creatures vanquished.

Vanquished Creatures (others)
  A giant gecko skeleton (D:3)
  2 goblin skeletons
  A hobgoblin skeleton (D:1)
  A rat skeleton (D:1)
5 creatures vanquished.

Grand Total: 68 creatures vanquished

Notes
Turn   | Place    | Note
--------------------------------------------------------------
     0 | D:1      | Chiseanne, the Spriggan Necromancer, began the quest for the Orb.
     0 | D:1      | Reached XP level 1. HP: 9/9 MP: 4/4
     7 | D:1      | Learned a level 1 spell: Animate Skeleton
   492 | D:1      | Reached XP level 2. HP: 7/13 MP: 3/8
   917 | D:1      | Reached skill level 4 in Necromancy
  1256 | D:1      | Reached XP level 3. HP: 13/16 MP: 11/11
  2143 | D:2      | Learned a level 3 spell: Vampiric Draining
  2147 | D:2      | Learned a level 3 spell: Regeneration
  2163 | D:2      | Noticed Jessica
  2273 | D:2      | Found an iron altar of Okawaru.
  2286 | D:2      | Killed Jessica
  2312 | D:2      | Reached XP level 4. HP: 6/21 MP: 0/14
  3014 | D:2      | Found a blossoming altar of Fedhas.
  3222 | D:3      | Found an opulent altar of Gozag.
  3359 | D:3      | Killed from afar by an orc wizard

Action                   |  1- 3 |  4- 6 || total
-------------------------+-------+-------++-------
Melee: Dagger            |    89 |    46 ||   135
 Cast: Pain              |    25 |     3 ||    28
       Animate Skeleton  |    13 |     9 ||    22
       Vampiric Draining |     2 |     2 ||     4
  Use: Scroll            |     2 |     6 ||     8
       Potion            |     1 |       ||     1
 Stab: Sleeping          |     4 |     5 ||     9
       Distracted        |       |     1 ||     1
  Eat: Fruit             |       |     7 ||     7
